 Dungeon Crawl Stone Soup version 0.31-a0-237-g2d982f9f85 (webtiles) character file.

Game seed: 1316528629020110869

1047 oldmanjim the Insei (level 8, -11/52 HPs)
             Began as an Octopode Transmuter on July 11, 2023.
             Was an Initiate of Gozag.
             Killed from afar by an electric eel (13 damage)
             ... with a bolt of electricity
             ... on level 6 of the Dungeon.
             The game lasted 00:25:37 (4809 turns).

oldmanjim the Insei (Octopode Transmuter)           Turns: 4809, Time: 00:25:39

Health: -11/52     AC:  1    Str: 10    XL:     8   Next: 25%
Magic:  21/21      EV: 13    Int: 17    God:    Gozag
Gold:   143        SH:  0    Dex: 12    Spells: 5/13 levels left

rFire   . . .        b - +0 orcbow
rCold   + . .        (shield currently unavailable)
rNeg    + . .        (helmet restricted)
rPois   +            (no amulet)
rElec   .            e - ring of protection from cold
rCorr   .            h - ring of magical power
SInv    .            k - ring of positive energy
Will    .....        m - ring of poison resistance
Stlth   ++           (no ring)
HPRegen 0.28/turn    (no ring)
MPRegen 0.17/turn    (no ring)
                     (no ring)

%: no passive effects
@: no status effects
A: almost no armour, amphibious, 8 rings, camouflage 1, gelatinous body 1,
(nimble swimmer 1), tentacles
a: Renounce Religion, Potion Petition, Call Merchant, Bribe Branch


You were on level 6 of the Dungeon.
You worshipped Gozag.
Gozag was aware of your devotion.
You visited 1 branch of the dungeon, and saw 6 of its levels.

You collected 540 gold pieces.
You spent 360 gold pieces at shops.
You paid 37 gold pieces to Gozag.

Inventory:

Hand Weapons
 b - a +0 orcbow (weapon)
 s - a +0 longbow
Missiles
 f - 4 poisoned darts
 g - 37 stones
 A - 2 boomerangs
Jewellery
 e - a ring of protection from cold (left tentacle)
 h - a ring of magical power (right tentacle)
 k - a ring of positive energy (on tentacle)
 m - a ring of poison resistance (on tentacle)
 D - a ring of positive energy
Wands
 x - a wand of roots (9)
 z - a wand of digging (3)
Scrolls
 c - a scroll of brand weapon
 i - a scroll of identify
 l - a scroll of enchant weapon
 n - 2 scrolls of noise
 v - a scroll of silence
 y - a scroll of immolation
 C - a scroll of teleportation {unknown}
Potions
 a - 3 potions of lignification
 d - a potion of invisibility
 j - a potion of magic {unknown}
 o - 3 potions of curing
 p - a potion of enlightenment {unknown}
 q - a potion of ambrosia {unknown}
 r - a potion of might
 t - a potion of heal wounds
 u - a potion of haste
 w - 2 potions of cancellation
 B - a potion of attraction


   Skills:
 - Level 3.0 Fighting
 - Level 3.0 Dodging
 + Level 0.9 Stealth
 + Level 6.0 Unarmed Combat
 - Level 3.0 Spellcasting
 - Level 5.0 Transmutations
 + Level 2.7 Ice Magic
 - Level 3.0 Poison Magic


You had 5 spell levels left.
You knew the following spells:

 Your Spells              Type           Power      Damage    Failure   Level
a - Beastly Appendage     Tmut           38%        N/A       2%          1
b - Spider Form           Tmut/Pois      16%        N/A       10%         3
c - Ice Form              Ice/Tmut       15%        N/A       34%         4

Your spell library contained the following spells:

 Spells                   Type           Power      Damage    Failure   Level
 Wereblood                Tmut           19%        N/A       3%          2
 Magic Dart               Conj           8%         1d3       17%         1
 Shock                    Conj/Air       8%         1d3       17%         1
 Call Imp                 Summ           4%         N/A       26%         2
 Mephitic Cloud           Conj/Pois/Air  5%         N/A       34%         3
 Swiftness                Air            2%         N/A       45%         3
 Vhi's Electric Charge    Tloc/Air       4%         N/A       45%         3
 Airstrike                Air            1%         2d(1-17)  86%         4
 Arcjolt                  Conj/Air       1%         1d11      99%         5
 Maxwell's Capacitive Co  Air            1%         ∞         100%        8


Dungeon Overview and Level Annotations

Branches:
Dungeon (6/15)
 Temple: D:4-7

Altars:
Gozag
Qazlal

Shops:
D:4 !

Annotations:
D:2 1 runed translucent door, exclusion: door, Crazy Yiuf


Innate Abilities, Weirdness & Mutations

You cannot wear most types of armour.
You are amphibious.
You can wear up to eight rings at the same time.
Your skin changes colour to match your surroundings (Stealth+).
Your rubbery body absorbs attacks. (AC +1, EV +1)
((You are camouflaged when in or above water. (Stealth+)))
You have tentacles for arms and can constrict up to eight enemies at once.


Message History

The adder is moderately wounded.
The adder bites you.
You hit the adder.
The adder looks as sick as possible!
The adder is heavily wounded.
The adder completely misses you.
You bite the adder!
You kill the adder!
You now have 143 gold pieces (gained 4).
You start resting.
Magic restored.
You start resting.
Your transformation is almost over.
Your transformation has ended.
Your +0 orcbow unmelds from your body.
You start resting.
HP restored.
You shoot an arrow. The arrow hits the electric eel!
The electric eel is heavily wounded.
The electric eel shoots out a bolt of lightning at you!
The bolt of electricity hits you.
You shoot an arrow.
The arrow closely misses the electric eel.
You shoot an arrow. The arrow misses the electric eel.
You shoot an arrow.
The arrow closely misses the electric eel.
You shoot an arrow.
The arrow closely misses the electric eel.
The electric eel shoots out a bolt of lightning at you!
The bolt of electricity hits you! The bolt of electricity misses you.
You shoot an arrow. The arrow hits the electric eel.
The electric eel is severely wounded.
You shoot an arrow. The arrow misses the electric eel.
The electric eel shoots out a bolt of lightning at you!
The bolt of electricity hits you! x2
The electric eel shoots out a bolt of lightning at you!
The bolt of electricity hits you!
* * * LOW HITPOINT WARNING * * *
The bolt of electricity hits you!
You die...
Your body crumbles into a pile of gold.

#.# #.# #.# #.#
#.# #.# #.# #.#
#.# #######.# #<#
#.......# #.####
######### #....##
~~~~
#####@.###~~~S~
#...#.........~
#.......$.......
#............~~..
#...........S..~~
#...........~....
##...........~~⌠.
#............⌠~~
#.#..##...S~....


You could see an electric eel.

Vanquished Creatures
  Sigmund (D:6)
  A black bear (D:4)
  An ogre (D:5)
  A phantom (D:6)
  Blork the orc (D:4)
  2 scorpions
  A howler monkey (D:5)
  2 hounds
  A jelly (D:5)
  A sleepcap (D:5)
  Jessica (D:2)
  4 iguanas
  Robin (D:2)
  9 adders
  A white imp (D:6)
  An ufetubus (D:6)
  A worm (D:2)
  2 dart slugs
  5 orcs (D:5)
  3 endoplasms (D:1)
  5 giant cockroaches
  10 hobgoblins
  3 jackals (D:4)
  6 kobolds
  2 quokkas (D:1)
  7 ball pythons
  5 bats
  2 frilled lizards (D:1)
  15 goblins
  5 rats
100 creatures vanquished.

Notes
Turn   | Place    | Note
-------+----------+-------------------------------------------
     0 | D:1      | oldmanjim the Octopode Transmuter began the quest for the
                  | Orb.
     0 | D:1      | Reached XP level 1. HP: 13/13 MP: 3/3
   167 | D:1      | Reached XP level 2. HP: 18/18 MP: 3/5
   529 | D:1      | Reached XP level 3. HP: 20/23 MP: 4/6
   533 | D:1      | Learned a level 3 spell: Spider Form
  1100 | D:2      | Noticed Robin
  1109 | D:2      | Killed Robin
  1116 | D:2      | Reached XP level 4. HP: 17/28 MP: 5/7
  1234 | D:2      | Reached skill level 1 in Poison Magic
  1293 | D:2      | Found a faded altar of an unknown god.
  1345 | D:2      | Noticed Jessica
  1350 | D:2      | Killed Jessica
  1633 | D:2      | Found a runed translucent door.
  1634 | D:2      | Noticed Crazy Yiuf
  2033 | D:3      | Reached XP level 5. HP: 21/33 MP: 9/9
  2200 | D:3      | Found an opulent altar of Gozag.
  2206 | D:3      | Became a worshipper of Gozag Ym Sagoz the Greedy
  2682 | D:4      | Noticed Blork the orc
  2688 | D:4      | Killed Blork the orc
  2689 | D:4      | Reached skill level 4 in Unarmed Combat
  2748 | D:4      | Reached XP level 6. HP: 36/38 MP: 10/10
  2826 | D:4      | Noticed a black bear
  2834 | D:4      | Killed a black bear
  3027 | D:4      | Found Ujuzxorequ's Distillery.
  3034 | D:4      | Bought a potion of degeneration for 12 gold pieces
  3034 | D:4      | Bought a potion of curing for 36 gold pieces
  3034 | D:4      | Bought a potion of heal wounds for 60 gold pieces
  3034 | D:4      | Bought a potion of haste for 120 gold pieces
  3211 | D:5      | Entered Level 5 of the Dungeon
  3227 | D:5      | Reached skill level 5 in Unarmed Combat
  3248 | D:5      | Learned a level 4 spell: Ice Form
  3356 | D:5      | Reached XP level 7. HP: 38/43 MP: 11/11
  3414 | D:5      | Reached skill level 1 in Ice Magic
  4121 | D:4      | Bought a potion of attraction for 36 gold pieces
  4121 | D:4      | Bought a potion of cancellation for 96 gold pieces
  4138 | D:6      | Found a stormy altar of Qazlal.
  4342 | D:6      | Noticed Sigmund
  4360 | D:6      | Killed Sigmund
  4361 | D:6      | Reached XP level 8. HP: 42/51 MP: 12/12
  4464 | D:6      | Reached skill level 6 in Unarmed Combat
  4522 | D:6      | Reached skill level 5 in Transmutations
  4809 | D:6      | HP: 2/52 [electric eel/bolt of electricity (14)]
  4809 | D:6      | Killed from afar by an electric eel

Illustrated notes

Levels and vault maps discovered:
D:1:      nicolae_arrival_memento_mori, layout_loops_cross, serial_forest,
          infiniplex_forest_lined_1, infiniplex_forest_clump_curved,
          infiniplex_forest_straight_4, infiniplex_forest_straight_1,
          infiniplex_forest_lined_3_way
D:2:      layout_basic, shapermc_ecumenical_altar_venn, minmay_statues_item,
          corner_web_ring, uniq_robin, uniq_crazy_yiuf_cottage, uniq_jessica
D:3:      layout_basic, grunt_gozag_statues
D:4:      layout_loops_ring, serial_shops, shop, uniq_blork_the_orc
D:5:      layout_loops_ring, fountainhead
D:6:      cheibrodos_helix_gallery, layout_loops_ring,
          nicolae_qazlal_scattered_showers, mainiacjoe_overflow_alcove_2,
          uniq_edmund, uniq_sigmund

Skill      XL: |  1  2  3  4  5  6  7  8 |
---------------+-------------------------+-----
Poison Magic   | 1 2 3 |  3.0
Transmutations | 3 4 5 |  5.0
Unarmed Combat | 4 5 6 |  6.0
Spellcasting   | 3 |  3.0
Ice Magic      | 2 |  2.7
Fighting       | 2 3 |  3.0
Dodging        | 3 |  3.0
Stealth        | |  0.9

Action                     |  1- 3 |  4- 6 |  7- 9 || total
---------------------------+-------+-------+-------++-------
  Melee: Unarmed           |    74 |    55 |    63 ||   192
         Constrict         |    25 |       |       ||    25
         Kick              |    20 |     1 |       ||    21
         Tentacles         |    19 |       |       ||    19
         Punch             |     1 |     1 |       ||     2
   Fire: Sling             |       |    43 |       ||    43
         Orcbow            |       |    44 |    60 ||   104
   Cast: Beastly Appendage |    18 |     3 |       ||    21
         Spider Form       |       |    13 |    15 ||    28
    Use: Scroll            |       |       |     7 ||     7
   Stab: Sleeping          |     3 |     1 |       ||     4
 Armour: Skin              |     2 |     7 |     2 ||    11
  Dodge: Dodged            |    46 |    65 |    81 ||   192

Table legend: (Time is in decaauts)
 A = Elapsed time spent in this place.
 B = Non-inter-level travel time spent in this place.
 C = Inter-level travel time spent in this place.
 D = Time resting spent in this place.
 E = Time spent auto-exploring this place.
 F = Levels seen in this place.
 G = Mean time per level.
                   A        B        C        D        E       F      G
               +--------+--------+--------+--------+--------+-----+--------+
         Total |   4855 |   4716 |    139 |    159 |   3603 |   6 |  809.2 |
       Dungeon |   4855 |   4716 |    139 |    159 |   3603 |   6 |  809.2 |
               +--------+--------+--------+--------+--------+-----+--------+

Top non-repeatable levels by time:
     D:2: 1140 daAuts
     D:5: 925 daAuts
     D:1: 856 daAuts
     D:6: 678 daAuts
     D:4: 668 daAuts
     D:3: 586 daAuts
